 Dungeon Crawl Stone Soup version 0.20.0-10-g0535bb4 (webtiles) character file.

788 Gorglomux the Ducker (level 8, -1/52 HPs)
             Began as a Halfling Air Elementalist on June 7, 2017.
             Was an Initiate of Okawaru.
             Slain by a centaur (5 damage)
             ... on level 6 of the Dungeon.
             The game lasted 00:16:35 (7823 turns).

Gorglomux the Ducker (Halfling Air Elementalist)    Turns: 7823, Time: 00:16:49

Health: -1/52      AC:  4    Str: 10    XL:     8   Next: 12%
Magic:  3/10       EV: 17    Int: 13    God:    Okawaru [......]
Gold:   209        SH:  0    Dex: 16    Spells: 9/10 levels left

rFire    . . .     SeeInvis .   b - +0 hunting sling
rCold    . . .     Gourm    .   (shield restricted)
rNeg     . . .     Faith    .   J - +0 leather armour
rPois    .         Spirit   .   (no helmet)
rElec    .         Reflect  .   (no cloak)
rCorr    .         Harm     .   M - +0 pair of gloves
MR       +....                  (no boots)
Stlth    ++........             (no amulet)
Regen    0.2/turn               m - ring of protection from magic
MPRegen  0.2/turn               P - ring of loudness (curse)

@: very slightly contaminated, drained
A: mutation resistance 1
a: Renounce Religion


You were on level 6 of the Dungeon.
You worshipped Okawaru.
Okawaru was noncommittal.
You were not hungry.

You visited 2 branches of the dungeon, and saw 7 of its levels.

You collected 209 gold pieces.

Inventory:

Hand Weapons
 a - a +0 dagger
 b - a +0 hunting sling (weapon)
Missiles
 f - 199 stones
 A - 92 sling bullets (quivered)
 Z - a throwing net
Armour
 e - a +0 robe
 J - a +0 leather armour (worn)
 M - a +0 pair of gloves (worn)
Jewellery
 m - a ring of protection from magic (left hand)
 G - an uncursed amulet of faith {unknown}
 P - a cursed ring of loudness (right hand)
Wands
 D - a wand of digging (18/24)
 S - a wand of digging (11/24)
Scrolls
 C - a scroll of magic mapping {unknown}
 L - a scroll of blinking {unknown}
 R - 3 scrolls of identify
 T - a scroll of teleportation
 V - 2 scrolls of amnesia {unknown}
 W - 2 scrolls of remove curse {unknown}
 Y - 2 scrolls of fear {unknown}
Potions
 B - a potion of mutation {!q}
 E - 3 potions of lignification
 F - 3 potions of agility
 H - 2 potions of brilliance
 K - 2 potions of haste {unknown}
 N - a potion of cancellation {unknown}
 O - a potion of flight {unknown}
 X - a potion of magic
Books
 U - a book of Air

   Spells                             Type                      Level
   a - Shock                          Conjuration/Air              1
   b - Swiftness                      Charms/Air                   2
   c - Static Discharge               Conjuration/Air              3
   d - Airstrike                      Air                          4
   e - Lightning Bolt                 Conjuration/Air              5
Comestibles
 c - 3 bread rations
 z - a meat ration
 I - a royal jelly
 Q - 4 fruits


   Skills:
 + Level 3.4(3.3) Fighting
 - Level 3.7(3.6) Short Blades
 + Level 4.1(4.0) Slings
 + Level 5.4(5.2) Dodging
 - Level 4.7(4.6) Stealth
 - Level 1.5(1.4) Spellcasting
 - Level 0.7(0.5) Conjurations
 - Level 3.0(2.8) Air Magic


You had 9 spell levels left.
You knew the following spells:

 Your Spells              Type           Power        Failure   Level  Hunger
a - Shock                 Conj/Air       #...         19%         1    ##.....


Dungeon Overview and Level Annotations

Branches:
Dungeon (6/15)             Temple (1/1) D:5

Altars:
Ashenzari
Cheibriados
Dithmenos
Elyvilon
Fedhas
Gozag
Hepliaklqana
Kikubaaqudgha
Makhleb
Nemelex Xobeh
Okawaru
Qazlal
Ru
Sif Muna
Trog
Uskayaw
Vehumet
Xom
Yredelemnul
Zin
The Shining One

Annotations:
D:4 Grinder, Menkaure
D:6 exclusion: door


Innate Abilities, Weirdness & Mutations

You are small and have problems with some larger weapons.
You are somewhat resistant to further mutation.


Message History

That beam is likely to hit you.
Continue anyway?
The zap hits the centaur.
The centaur is heavily wounded.
The zap hits the centaur.
The centaur is severely wounded.
The zap misses you. The centaur hits you!
* * * LOW HITPOINT WARNING * * *
Casting: Shock
Confirm with . or Enter, or press ? or * to list all spells.
Aiming: Shock
Press: ? - help, Shift-Dir - straight line That beam is likely to hit you.
Continue anyway?
The zap hits the centaur.
The centaur is severely wounded.
The zap hits the centaur.
The centaur is almost dead.
The zap misses you. The centaur hits you.
* * * LOW HITPOINT WARNING * * *
The centaur hits you.
You die...

+......# #......#.#
####..##.# ###########
##)##.# ..........#
#.##.# ..........#
#.##.# ..........#
#..#.#### ..........#
##)#.##..
.......@c.#######...##.#
.......................#
..........########..####
..........(.......<>....
.#######################


You could see a centaur.

Vanquished Creatures
  A centaur (D:6)
  A scorpion (D:3)
  A water moccasin skeleton (D:4)
  4 wights (D:6)
  A howler monkey (D:6)
  2 hounds (D:4)
  A centaur skeleton (D:4)
  A gnoll shaman (D:3)
  4 worker ants
  A hound skeleton (D:4)
  5 adders
  4 gnolls
  A shadow imp (D:5)
  2 oozes
  4 leopard geckos
  3 orcs
  5 bats
  3 giant cockroaches
  8 hobgoblins
  4 jackals (D:2)
  10 kobolds
  A quokka (D:4)
  A ball python (D:2)
  5 frilled lizards
  A giant cockroach zombie (D:5)
  8 goblins
  A leopard gecko skeleton (D:6)
  7 rats
90 creatures vanquished.

Notes
Turn   | Place    | Note
-------+----------+-------------------------------------------
     0 | D:1      | Gorglomux the Halfling Air Elementalist began the quest for the Orb.
     0 | D:1      | Reached XP level 1. HP: 11/11 MP: 3/3
   444 | D:1      | Reached XP level 2. HP: 2/17 MP: 0/4
  1225 | D:1      | Reached skill level 1 in Short Blades
  1225 | D:1      | Reached XP level 3. HP: 16/22 MP: 0/5
  1593 | D:2      | Reached skill level 1 in Fighting
  2058 | D:2      | Reached skill level 3 in Stealth
  2544 | D:3      | Reached XP level 4. HP: 28/28 MP: 4/6
  3338 | D:3      | Reached skill level 3 in Dodging
  3586 | D:3      | Reached XP level 5. HP: 15/33 MP: 0/7
  4680 | D:4      | Reached skill level 3 in Short Blades
  4680 | D:4      | Reached XP level 6. HP: 34/39 MP: 3/8
  4972 | D:4      | Reached skill level 4 in Dodging
  5392 | D:4      | Reached XP level 7. HP: 24/45 MP: 0/9
  5582 | D:4      | Noticed Grinder
  5733 | D:4      | Noticed Menkaure
  5800 | D:4      | Reached skill level 1 in Slings
  6010 | D:5      | Entered Level 5 of the Dungeon
  6255 | D:5      | Found a staircase to the Ecumenical Temple.
  6350 | Temple   | Entered the Ecumenical Temple
  6655 | Temple   | Became a worshipper of Warmaster Okawaru
  7325 | D:6      | Reached skill level 3 in Fighting
  7325 | D:6      | Reached skill level 3 in Slings
  7325 | D:6      | Reached skill level 5 in Dodging
  7626 | D:6      | Reached XP level 8. HP: 45/52 MP: 3/10
  7823 | D:6      | Slain by a centaur

Skill      XL: |  1  2  3  4  5  6  7  8 |
---------------+-------------------------+-----
Short Blades   | 1 2 3 |  3.7
Fighting       | 1 2 3 |  3.4
Stealth        | 3 4 |  4.7
Dodging        | 3 4 5 |  5.4
Slings         | 3 4 |  4.1
Spellcasting   | |  1.5
Conjurations   | |  0.7
Air Magic      | |  3.0

Action                   |  1- 3 |  4- 6 |  7- 9 || total
-------------------------+-------+-------+-------++-------
Melee: Unarmed           |    14 |       |       ||    14
       Dagger            |    84 |   121 |       ||   205
 Fire: Hunting sling     |       |       |    72 ||    72
 Cast: Shock             |    73 |   105 |    70 ||   248
  Use: Scroll            |       |     2 |     4 ||     6
       Potion            |       |     2 |       ||     2
  Eat: Chunk             |     3 |    10 |     6 ||    19
       Meat ration       |     1 |       |       ||     1
       Royal jelly       |       |     1 |     2 ||     3
Armor: Robe              |    11 |       |       ||    11
       Skin              |       |    33 |       ||    33
       Leather armour    |       |    22 |     4 ||    26
Dodge: Dodged            |    92 |   108 |    74 ||   274
